 Dungeon Crawl Stone Soup version 0.17-a0-1404-gb8113a6 (webtiles) character file.

677470 Gorice the Slayer (level 27, -2/184 HPs)
             Began as a Kobold Wanderer on June 16, 2015.
             Was the Champion of Okawaru.
             Slain by a quicksilver dragon (15 damage)
             ... on level 5 of the Vaults on June 21, 2015.
             The game lasted 14:06:12 (123115 turns).

Gorice the Slayer (Kobold Wanderer)               Turns: 123115, Time: 14:06:12

Health: -2/184     AC: 35    Str: 18    XL:     27
Magic:  36/38      EV: 31    Int: 13    God:    Okawaru [******]
Gold:   6767       SH:  0    Dex: 21    Spells: 6 memorised, 30 levels left

rFire  + + +     SeeInvis +     a - +7 double sword (vamp)
rCold  + + .     Clarity  +     q - +8 fire dragon armour
rNeg   . . .     SustAt   .     (shield restricted)
rPois  +         Gourm    .     o - +2 hat "Vuneidois" {+Inv rPois rC+++ Slay+3}
rElec  .         Spirit   .     V - +1 cloak {MR+}
rCorr  .         Warding  .     N - +2 pair of gloves {Dex+3}
rMut   .         Stasis   .     S - +0 pair of boots {Stlth+}
MR     +++++                    n - amulet "Loymec" {Clar MR++ SInv Stlth-}
Stlth  ++++++....               m - ring of protection from fire
                                Q - +6 ring of evasion

@: constricted, repel missiles, almost entirely resistant to hostile
enchantments, very stealthy
A: carnivore 3
a: Heroism, Finesse, Renounce Religion, Evoke Invisibility
}: 3/15 runes: serpentine, barnacled, slimy


You were on level 5 of the Vaults.
You worshipped Okawaru.
Okawaru was exalted by your worship.
You were completely stuffed.

You visited 12 branches of the dungeon, and saw 62 of its levels.
You also visited: Ice Cave.

You collected 8375 gold pieces.
You spent 1608 gold pieces at shops.

Inventory:

Hand weapons
 a - a +7 vampiric double sword (weapon)
   (You subdued it on level 2 of the Elven Halls)
 d - the +7 Spriggan's Knife {MR+ EV+4 Dex+4 Stlth+}
   (You took it off a deep elf summoner on level 4 of the Depths)

   It affects your evasion (+4).
   It affects your dexterity (+4).
   It affects your resistance to hostile enchantments.
   It makes you more stealthy.
 B - a +5 blowgun
Missiles
 i - 4 tomahawks of dispersal
 u - 49 curare-tipped needles
 E - 10 steel tomahawks
 F - a tomahawk of returning (quivered)
 Y - 17 throwing nets
Armour
 j - the -2 hat of the Alchemist {rElec rPois rF+ rC+ rN+ MR+ rMut rCorr}
   (You found it on level 7 of the Lair of Beasts)

   It protects you from fire.
   It protects you from cold.
   It insulates you from electricity.
   It protects you from poison.
   It protects you from negative energy.
   It affects your resistance to hostile enchantments.
   It protects you from acid and corrosion.
   It protects you from mutation.
 o - the +2 hat "Vuneidois" (worn) {+Inv rPois rC+++ Slay+3}
   (Okawaru gifted it to you on level 4 of the Lair of Beasts)

   It affects your accuracy and damage with ranged weapons and melee attacks
   (+3).
   It renders you almost immune to cold.
   It protects you from poison.
   It lets you turn invisible.
 q - a +8 fire dragon armour (worn)
 N - a +2 pair of gloves of dexterity (worn)
   (You found it on level 3 of the Elven Halls)
 S - a +0 pair of boots of stealth (worn)
   (Okawaru gifted it to you on level 7 of the Lair of Beasts)
 V - a +1 cloak of magic resistance (worn)
   (You took it off a draconian annihilator on level 2 of the Realm of Zot)
Rods
 I - a +4 rod of inaccuracy (9/9) {!a}
   (You found it on level 6 of the Pits of Slime)
Jewellery
 m - a ring of protection from fire (right hand)
 n - the amulet "Loymec" (around neck) {Clar MR++ SInv Stlth-}
   (You took it off a deep elf death mage on level 3 of the Elven Halls)

   [amulet of clarity]

   It provides mental clarity.
   It affects your resistance to hostile enchantments.
   It lets you see invisible.
   It makes you less stealthy.
 v - the ring of Doefasty {rElec rPois rC+ Str-3 SInv}
   (You found it on level 2 of the Elven Halls)

   [ring of protection from cold]

   It affects your strength (-3).
   It protects you from cold.
   It insulates you from electricity.
   It protects you from poison.
   It lets you see invisible.
 A - the amulet "Asoyvint" {rMut Str+4 Int+2}
   (You found it on level 3 of the Depths)

   [amulet of resist mutation]

   It protects you from mutation.
   It affects your strength (+4).
   It affects your intelligence (+2).
 Q - a +6 ring of evasion (left hand)
 R - a +6 ring of evasion
 T - an uncursed amulet of resist corrosion
Magical devices
 e - a wand of digging (6)
 s - a wand of heal wounds (9) {!d}
 D - a wand of disintegration (10)
 H - a wand of fire (9)
Scrolls
 c - 21 scrolls of remove curse
 l - 23 scrolls of teleportation {!r}
 r - a scroll of magic mapping {!r}
 y - 2 scrolls of fog
 C - 2 scrolls of fear {!r}
 G - 6 scrolls of blinking
 L - 23 scrolls of identify
 U - 2 scrolls of summoning {!r}
 Z - 2 scrolls of immolation {!r}
Potions
 g - 8 potions of haste {!q}
 h - 8 potions of might {!q}
 k - 10 potions of agility {!q}
 t - 14 potions of curing
 x - 6 potions of cancellation {!q}
 W - 2 potions of resistance {!q}
Miscellaneous
 b - a disc of storms
 z - a fan of gales
 K - a lamp of fire
Comestibles
 p - 10 beef jerkies
 w - 3 chunks of flesh
 O - 34 meat rations {!e}


   Skills:
 - Level 22.0 Fighting
 - Level 14.0(19.3) Short Blades
 - Level 15.1(16.0) Long Blades
 - Level 1.0 Maces & Flails
 - Level 15.0 Throwing
 - Level 22.0 Armour
 + Level 18.4 Dodging
 - Level 15.2 Stealth
   Level 5.0 Shields
 + Level 11.1 Spellcasting
 - Level 9.7 Charms
 - Level 8.1 Necromancy
 - Level 13.6 Translocations
 - Level 7.0 Air Magic
 - Level 8.0 Invocations
 - Level 15.0 Evocations


You had 30 spell levels left.
You knew the following spells:

 Your Spells              Type           Power        Failure   Level  Hunger
G - Passage of Golubria   Tloc           N/A          1%          4    ###....
J - Blink                 Tloc           N/A          1%          2    None
M - Repel Missiles        Chrm/Air       ####..       1%          2    None
P - Phase Shift           Tloc           #####.....   2%          5    #####..
R - Regeneration          Chrm/Necr      ####......   1%          3    #......
S - Swiftness             Chrm/Air       ####....     1%          2    None


Dungeon Overview and Level Annotations

Branches:
Dungeon (15/15)            Temple (1/1) D:4            Lair (8/8) D:9
 Shoals (4/4) Lair:6        Snake (4/4) Lair:4        Slime (6/6) Lair:7
    Orc (4/4) D:12            Elf (3/3) Orc:4        Vaults (5/5) D:14
  Crypt (3/3) Vaults:2       Tomb (0/3) Crypt:3      Depths (5/5) D:15
    Zot (4/5) Depths:5

Altars:
Ashenzari
Cheibriados
Dithmenos
Elyvilon
Fedhas
Gozag
Kikubaaqudgha
Makhleb
Nemelex Xobeh
Okawaru
Qazlal
Ru
Sif Muna
Trog
Vehumet
Xom
Yredelemnul
Zin
The Shining One
Beogh
Jiyva

Shops:
D:7 ?   D:11 *   D:12 %   Orc:2 [   Orc:4 *[(%   Elf:2 (   Shoals:3 ?
Shoals:4 *   Vaults:4 *

Portals:
Hell: Depths:1 Depths:2 Depths:3 Depths:4 Depths:5
Abyss: Depths:1 Depths:2 Depths:4
Pandemonium: Depths:2 Depths:3
Ziggurat: Depths:2

Annotations:
D:4 exclusion: statue


Innate Abilities, Weirdness & Mutations

You are small and have problems with some larger weapons.
You are carnivorous and can eat meat at any time.


Message History

The quicksilver dragon barely misses you.
The quicksilver dragon completely misses you.
The ancient lich gestures at you while chanting.
You resist with almost no effort.
The storm dragon is engulfed in roaring flames.
The storm dragon closely misses you. The storm dragon misses you.
The storm dragon completely misses you.
The tentacled monstrosity is engulfed in roaring flames.
The tentacled monstrosity tentacle-slaps you but does no damage.
The tentacled monstrosity completely misses you.
The tentacled monstrosity barely misses you.
* * * LOW HITPOINT WARNING * * *
The tentacled monstrosity constricts you.
The scimitar of electrocution hits you but does no damage.
The ettin is engulfed in roaring flames.
The ettin closely misses you. The ettin misses you.
The golden dragon completely misses you.
The golden dragon claws you!
* * * LOW HITPOINT WARNING * * *
The golden dragon misses you.
A storm dragon and a zombie come into view.
Unknown command.
Casting: Regeneration
Confirm with . or Enter, or press ? or * to list all spells.
Your attempt to break free from the tentacled monstrosity fails, but you feel that another attempt might succeed.
The ironheart preserver seems to regain its courage.
The quicksilver dragon is engulfed in roaring flames.
The quicksilver dragon breathes dispelling energy at you.
The bolt of dispelling energy misses you.
The bolt of dispelling energy hits the ettin.
The ettin's magical effects unravel!
The storm dragon is engulfed in roaring flames.
The storm dragon bites you!
* * * LOW HITPOINT WARNING * * *
The storm dragon barely misses you. x2
The storm dragon moves out of view.
The ancient lich is engulfed in roaring flames.
The ancient lich touches you.
* * * LOW HITPOINT WARNING * * *
The scimitar of electrocution completely misses you.
The tentacled monstrosity is engulfed in roaring flames.
The tentacled monstrosity completely misses you.
The tentacled monstrosity tentacle-slaps you but does no damage.
The tentacled monstrosity barely misses you.
The tentacled monstrosity constricts you.
The ironheart preserver casts a spell.
The ironheart preserver is healed somewhat.
The quicksilver dragon is engulfed in roaring flames.
The quicksilver dragon bites you!
You die...

?##%.≈%#.C.#
.#.#%≈.%#...#
#.#....%#O.%##
.#.#%...#....
#...C.§§§OO.
.#%.%C§§§§######
.§%.[<§X§L§)§...
..≈.<[sD@C§§§...
.....<<(DDZ.....
%....%[%p....%..
##...%%.%.######
.C...§.%N§.
...#%%.%#%..
#..#%%.%#..p. #.
#..%.#.#TZ#


You could see a tentacled monstrosity (inner flame), 2 ironheart preservers, a
golden dragon (inner flame), an ancient lich, a storm dragon (inner flame), a
quicksilver dragon (inner flame), 2 stone giants, a salamander stormcaller, 3
ettins, a demonic crawler, an ogre mage (inner flame), a troll shaped shifter, 2
ogres, a scimitar of electrocution, a yaktaur zombie and an ettin zombie (inner
flame).

Vanquished Creatures
  the royal jelly (Slime:6)
  Dissolution (Slime:5)
  Saint Roka (Depths:3)
  2 caustic shrikes (Depths:3)
  A curse toe (Zot:4)
  10 golden dragons
  Nikola (Elf:1)
  Jory (Depths:3)
  A bone dragon (Depths:5)
  9 tentacled monstrosities
  6 liches
  2 quicksilver dragons
  Asterion (Elf:1)
  A shard shrike skeleton (Crypt:1)
  5 deep elf blademasters
  2 deep elf master archers (Elf:3)
  18 acid blobs
  4 ancient champions
  A titan (Depths:3)
  6 tengu reavers
  2 octopode crushers
  6 sphinxes
  Frances (Shoals:2)
  5 shadow dragons
  16 storm dragons
  Roxanne (Elf:3)
  17 azure jellies
  An azure jelly (shapeshifter) (Depths:4)
  8 draconian monks
  5 revenants
  Ilsuiw (Shoals:4)
  8 greater nagas
  8 deep elf sorcerers
  12 frost giants
  Donald (Elf:1)
  8 draconian knights
  Maud (Lair:5)
  11 fire giants
  11 vault wardens
  An orc warlord (Orc:4)
  2 iron dragons
  Louise (Elf:3)
  4 draconian zealots
  5 curse skulls
  5 ghouls (Crypt:2)
  11 draconian scorchers
  A balrug (Depths:4)
  8 draconian shifters
  2 reapers
  16 ironheart preservers
  10 draconian annihilators
  A war gargoyle (Depths:4)
  A spriggan defender (Depths:3)
  24 stone giants
  18 very ugly things
  17 green draconians
  6 draconian callers
  16 vampire knights
  11 deep elf annihilators
  10 black draconians
  10 purple draconians
  11 red draconians
  12 yellow draconians
  16 deep elf demonologists
  10 mottled draconians
  15 white draconians
  7 ettins
  4 merfolk javelineers (Shoals:4)
  3 eidola
  9 deep elf death magi
  33 vault guards
  20 fire dragons
  16 jiangshi
  A crystal guardian (Vaults:1)
  9 death cobs
  13 merfolk impalers
  7 death oozes
  12 great orbs of eyes
  Josephine (Orc:3)
  5 rakshasas
  8 deep elf high priests
  Erolcha (D:13)
  14 yaktaur captains
  9 entropy weavers
  Fannar (Lair:3)
  5 anacondas
  3 death knights
  18 naga warriors
  12 ice dragons
  6 spriggan air magi
  15 hydras
  An anaconda (shapeshifter) (Depths:4)
  8 centaur warriors
  12 ogre magi
  17 dancing weapons
  5 merfolk avatars
  A satyr (Shoals:3)
  10 deep troll shamans
  A death yak (shapeshifter) (Vaults:1)
  6 merfolk aquamancers
  2 titan zombies
  6 deep troll earth magi
  4 soul eaters
  8 spriggan berserkers
  13 naga sharpshooters
  12 death yaks
  4 tengu warriors
  2 hell hogs (Depths:2)
  Urug (D:13)
  3 sun demons
  A titan skeleton (Crypt:1)
  Sonja (D:11)
  4 orc high priests
  6 shock serpents
  14 vampire magi
  3 spriggans
  5 shadow wraiths (Crypt:2)
  A death drake (shapeshifter) (Vaults:4)
  23 deep elf knights
  46 skeletal warriors
  2 ice devils (Depths:4)
  2 fire crabs (shapeshifter)
  A fire crab (Vaults:2)
  16 sea snakes
  2 salamander mystics (Snake:2)
  11 hell knights
  6 giant orange brains
  29 deep trolls
  11 deep elf summoners
  4 unseen horrors
  An anaconda zombie (Crypt:3)
  A wizard (D:14)
  2 unseen horrors (shapeshifter) (Vaults:2)
  4 ice statues
  7 naga ritualists
  18 harpies
  A shadow dragon zombie (Zot:3)
  12 ironbrand convokers
  22 deep elf conjurers
  29 phantasmal warriors
  12 flayed ghosts
  67 ugly things
  5 hill giants
  14 manticores
  3 fire giant zombies (Crypt:3)
  4 oklob plants (Lair:6)
  6 shining eyes
  6 wolf spiders
  6 mana vipers
  A shadow dragon skeleton (Crypt:1)
  A frost giant zombie (Crypt:3)
  6 water nymphs
  6 orc sorcerers
  9 cyclopes
  8 necromancers
  24 moths of wrath
  3 draconian zombies
  A faun (shapeshifter) (Vaults:4)
  20 elephants
  8 salamanders
  13 fauns
  19 orc knights
  22 griffons
  An iron dragon skeleton (Crypt:2)
  3 water nymphs (shapeshifter)
  Maurice (D:9)
  34 black mambas
  A fire giant skeleton (Crypt:2)
  15 sirens
  4 guardian serpents
  26 naga magi
  An octopode (shapeshifter) (Elf:1)
  16 vault sentinels
  An orange crystal statue (Depths:3)
  9 rust devils
  A white draconian zombie (Crypt:2)
  5 eyes of devastation
  17 spiny frogs
  3 kobold demonologists
  A centaur skeleton (D:14)
  2 hellwings (Depths:3)
  81 yaktaurs
  A death yak zombie (Crypt:3)
  A small abomination (Elf:2)
  2 gargoyles
  7 fire drakes
  12 komodo dragons
  2 efreet (Depths:4)
  15 deep elf priests
  A golden dragon simulacrum (Depths:4)
  A mottled draconian skeleton (Crypt:3)
  A tormentor (Depths:3)
  2 shadow dragon simulacra (Depths:4)
  2 white draconian skeletons (Crypt:1)
  A red draconian skeleton (Crypt:2)
  5 tengu conjurers
  4 harpy zombies
  7 trolls
  A hydra zombie (Crypt:3)
  A stone giant simulacrum (Vaults:3)
  38 merfolk
  4 freezing wraiths
  A red devil (Depths:4)
  10 blink frogs
  A two-headed ogre (shapeshifter) (Elf:2)
  4 blue devils
  A polar bear (shapeshifter) (Depths:3)
  A polar bear (Lair:5)
  A yaktaur (shapeshifter) (Vaults:2)
  A harpy skeleton (Crypt:2)
  145 slime creatures
  2 wind drakes
  A guardian serpent zombie (Crypt:3)
  A fire giant simulacrum (Depths:1)
  4 snapping turtles
  An ettin zombie (Crypt:2)
  11 flying skulls
  A griffon zombie (Shoals:1)
  A trapdoor spider zombie (D:12)
  18 two-headed ogres
  30 deep elf magi
  2 fire dragon zombies (Crypt:3)
  7 boulder beetles
  3 tarantellas
  A slime creature (shapeshifter) (Depths:4)
  14 vampires
  10 air elementals
  A satyr skeleton (Crypt:3)
  22 redbacks
  A yak (shapeshifter) (Elf:2)
  A fire dragon skeleton (Crypt:1)
  18 wraiths
  17 hippogriffs
  A ynoxinul (Depths:3)
  42 deep elf fighters
  An alligator skeleton (Crypt:2)
  An elf simulacrum (Depths:4)
  6 shadows
  A human (shapeshifter) (Depths:2)
  18 water elementals
  2 basilisks (shapeshifter)
  Eustachio (D:5)
  2 fire bats (Lair:1)
  4 golden eyes (Slime:6)
  3 fire elementals (Depths:1)
  16 vampire mosquitoes
  4 basilisks
  5 wyverns
  48 yaks
  3 golden eyes (shapeshifter)
  A black mamba skeleton (Crypt:2)
  6 steam dragons
  Menkaure (D:4)
  5 mottled dragons
  Edmund (D:4)
  A hungry ghost (D:7)
  A deep troll zombie (Crypt:2)
  26 wolves
  45 nagas
  21 water moccasins
  13 wargs
  An entropy weaver simulacrum (Depths:1)
  13 hell hounds
  14 porcupines
  A water nymph zombie (Crypt:3)
  A spiny frog zombie (Crypt:1)
  An infernal demonspawn skeleton (Crypt:2)
  4 swamp drakes (Lair:8)
  A swamp drake (shapeshifter) (Elf:2)
  A centaur (shapeshifter) (Depths:2)
  An eye of draining (shapeshifter) (D:15)
  3 black bears
  5 eyes of draining
  A snapping turtle zombie (Crypt:2)
  3 wasps
  61 orc warriors
  4 sky beasts
  10 boggarts
  19 ice beasts
  57 ogres
  2 necrophages
  24 centaurs
  2 phantoms
  5 big kobolds
  23 crocodiles
  Blork the orc (D:4)
  20 giant frogs
  A fire drake skeleton (Crypt:2)
  A gnoll sergeant (D:8)
  A wyvern skeleton (D:15)
  A glowing shapeshifter simulacrum (Depths:4)
  2 scorpions
  A water moccasin skeleton (D:8)
  A hippogriff zombie (Shoals:1)
  14 killer bees
  9 wights
  4 electric eels
  A lava snake (Lair:1)
  8 crimson imps
  27 orc priests
  7 centaur zombies
  24 jellies
  3 giant frog zombies
  54 orc wizards
  4 giant frog skeletons
  8 hounds
  12 iguanas
  Jessica (D:12)
  An iron imp (D:6)
  3 quasits
  8 worker ants
  A gnoll shaman (D:5)
  33 sheep
  A mottled dragon zombie (Crypt:2)
  2 hound zombies
  A hound skeleton (D:6)
  A worker ant zombie (D:9)
  10 gnolls
  77 river rats
  15 adders
  A shadow imp (D:9)
  A white imp (Depths:1)
  A sheep zombie (Crypt:2)
  A halfling zombie (Crypt:1)
  An ooze (D:1)
  An adder skeleton (D:4)
  5 worms
  246 orcs
  A ball python (D:5)
  19 bats
  2 bat skeletons (D:5)
  A bat zombie (D:6)
  5 giant cockroaches
  24 goblins
  18 hobgoblins
  7 jackals
  A ball python skeleton (Crypt:1)
  A ball python zombie (Crypt:3)
  6 giant geckos
  A giant gecko zombie (D:5)
  3 giant newts
  A goblin zombie (Crypt:1)
  A hobgoblin zombie (Crypt:1)
  30 kobolds
  An orc skeleton (Crypt:2)
  5 quokkas
  A quokka skeleton (D:6)
  18 rats
  A rat skeleton (Crypt:2)
  2 fungi
  2 lost souls (Crypt:3)
  2 plants
3304 creatures vanquished.

Vanquished Creatures (others)
  Margery (Depths:3)
  A golden dragon (Zot:2)
  A shadow dragon (Zot:4)
  4 draconian knights
  A draconian scorcher (Zot:2)
  A fire giant (Vaults:5)
  2 draconian zealots
  A purple draconian (Zot:4)
  A merfolk impaler (Depths:1)
  A wizard (Depths:1)
  A deep elf summoner (Elf:1)
  An orc sorcerer (Vaults:2)
  A necromancer (Depths:3)
  An ugly thing (Vaults:2)
  A yellow draconian zombie (Zot:2)
  A yaktaur (Vaults:1)
  A merfolk (Shoals:3)
  A slime creature (Depths:4)
  4 deep elf fighters
  An ice dragon simulacrum (Depths:1)
  A boggart (Depths:3)
  An orc wizard (Vaults:4)
  An orc (Vaults:2)
  12 fungi
  5 lost souls
  8 plants
  8 tentacles (Shoals:2)
  146 tentacle segments (Shoals:2)
209 creatures vanquished.

Grand Total: 3513 creatures vanquished

Notes
Turn   | Place    | Note
--------------------------------------------------------------
     0 | D:1      | Gorice the Kobold Wanderer began the quest for the Orb.
     0 | D:1      | Gorice set off with: a +2 dagger, a potion of berserk rage, a +0 short sword, a scroll of teleportation {!r}, a +0 robe, a meat ration {!e}
     0 | D:1      | Reached XP level 1. HP: 16/16 MP: 1/1
    56 | D:1      | Reached skill level 2 in Short Blades
    65 | D:1      | Reached XP level 2. HP: 13/20 MP: 2/2
   181 | D:1      | Reached skill level 2 in Stealth
   543 | D:1      | Reached skill level 3 in Short Blades
   543 | D:1      | Reached XP level 3. HP: 22/24 MP: 3/3
  1514 | D:2      | Found an ancient bone altar of Kikubaaqudgha.
  1537 | D:2      | Reached XP level 4. HP: 17/30 MP: 4/4
  1769 | D:2      | Reached skill level 3 in Stealth
  2313 | D:2      | Reached skill level 4 in Short Blades
  2854 | D:2      | Reached XP level 5. HP: 20/34 MP: 5/5
  3161 | D:3      | Reached skill level 5 in Fighting
  3197 | D:3      | Found a faded altar to an unknown god.
  3213 | D:3      | Noticed an ogre
  3220 | D:3      | Killed an ogre
  3220 | D:3      | Reached skill level 5 in Short Blades
  3220 | D:3      | Reached skill level 4 in Stealth
  3220 | D:3      | Reached XP level 6. HP: 40/40 MP: 6/6
  3684 | D:3      | Found a white marble altar of Elyvilon.
  3816 | D:4      | Reached skill level 6 in Short Blades
  4074 | D:4      | Found a radiant altar of Vehumet.
  4135 | D:4      | Noticed Edmund
  4149 | D:4      | Killed Edmund
  4149 | D:4      | Reached skill level 5 in Stealth
  4149 | D:4      | Reached XP level 7. HP: 45/45 MP: 7/7
  4212 | D:4      | Reached skill level 7 in Short Blades
  4568 | D:4      | Noticed Blork the orc
  4582 | D:4      | Noticed Menkaure
  4584 | D:4      | Killed Blork the orc
  4584 | D:4      | HP: 14/67 [Menkaure/nerve-wracking pain (13)]
  4590 | D:4      | Killed Menkaure
  4590 | D:4      | Reached skill level 6 in Fighting
  4590 | D:4      | Reached skill level 8 in Short Blades
  4590 | D:4      | Reached skill level 6 in Stealth
  4590 | D:4      | Reached XP level 8. HP: 16/51 MP: 8/8
  5511 | D:4      | Found a staircase to the Ecumenical Temple.
  5520 | Temple   | Entered the Ecumenical Temple
  5806 | D:5      | Entered Level 5 of the Dungeon
  6061 | D:5      | Noticed a two-headed ogre
  6086 | D:5      | Killed a two-headed ogre
  6086 | D:5      | Reached skill level 9 in Short Blades
  6086 | D:5      | Reached skill level 7 in Stealth
  6095 | D:5      | --wow 2 head ogre on D5!
  6268 | D:5      | Found a snail-covered altar of Cheibriados.
  6294 | D:5      | Found a shimmering altar of Xom.
  6294 | D:5      | Found a basalt altar of Yredelemnul.
  6294 | D:5      | Found a stormy altar of Qazlal.
  6294 | D:5      | Found a glowing silver altar of Zin.
  6296 | D:5      | Found a shadowy altar of Dithmenos.
  6628 | D:5      | Found an opulent altar of Gozag.
  6628 | D:5      | Found a shattered altar of Ashenzari.
  6768 | D:5      | Found a burning altar of Makhleb.
  6892 | D:5      | Reached XP level 9. HP: 49/56 MP: 9/9
  7100 | D:6      | Noticed Eustachio
  7164 | D:5      | Reached skill level 7 in Fighting
  7164 | D:5      | Reached skill level 10 in Short Blades
  7164 | D:5      | Reached skill level 8 in Stealth
  7416 | D:5      | Killed Eustachio
  7522 | D:6      | Reached skill level 2 in Dodging
  7680 | D:6      | Found a white marble altar of Elyvilon.
  7797 | D:6      | Noticed Grinder
  7831 | D:6      | Noticed Grinder
  7831 | D:6      | Grinder changed into Grinder the iron imp
  7838 | D:6      | Killed Grinder the iron imp
  8051 | D:6      | --wow wand of hasting with 6 charges!
  8171 | D:6      | Reached skill level 11 in Short Blades
  8180 | D:6      | Reached skill level 3 in Dodging
  8369 | D:6      | Found a sacrificial altar of Ru.
  8574 | D:6      | You fall through a shaft for 2 floors!
  8668 | D:8      | Found a bloodstained altar of Trog.
  8984 | D:6      | Identified a scroll of acquirement
  9168 | D:7      | Reached skill level 8 in Fighting
  9308 | D:7      | Reached skill level 4 in Dodging
  9340 | D:7      | Reached skill level 12 in Short Blades
  9340 | D:7      | Reached XP level 10. HP: 64/64 MP: 10/10
  9629 | D:7      | Found Nuliarpho's Magic Scroll Emporium.
  9638 | D:7      | Bought a scroll of blinking for 82 gold pieces
  9638 | D:7      | Bought a scroll of identify for 22 gold pieces
  9638 | D:7      | Bought a scroll of identify for 22 gold pieces
  9847 | D:7      | Reached skill level 5 in Dodging
  9983 | D:8      | Found a blossoming altar of Fedhas.
 10083 | D:8      | Reached skill level 9 in Fighting
 10083 | D:8      | Reached skill level 6 in Dodging
 10618 | D:9      | Found a staircase to the Lair.
 10619 | D:9      | Noticed an elephant
 10699 | D:9      | Reached skill level 7 in Dodging
 10827 | D:9      | Found an iron altar of Okawaru.
 10833 | D:9      | Became a worshipper of Warmaster Okawaru
 11328 | D:9      | Reached skill level 10 in Fighting
 11423 | D:9      | Acquired Okawaru's first power
 11650 | D:9      | Noticed Maurice
 11657 | D:9      | Killed Maurice
 11657 | D:9      | Reached skill level 8 in Dodging
 11741 | D:9      | Reached XP level 11. HP: 65/73 MP: 11/11
 12137 | Lair:1   | Entered Level 1 of the Lair of Beasts
 12313 | Lair:1   | Reached skill level 9 in Dodging
 12411 | Lair:1   | Reached skill level 11 in Fighting
 12445 | Lair:1   | HP: 20/74 [yak (8)]
 12463 | Lair:1   | Reached skill level 10 in Dodging
 12801 | Lair:1   | Got a fine golden ring
 12803 | Lair:1   | Identified the cursed ring of Springtime {rElec Str-3 Int-3 SInv} (You found it on level 1 of the Lair of Beasts)
 13174 | Lair:1   | HP: 21/76 [komodo dragon (23)]
 13179 | Lair:1   | Noticed a five-headed hydra
 13887 | D:10     | Entered Level 10 of the Dungeon
 13889 | D:10     | Reached skill level 12 in Fighting
 14012 | D:10     | Got a smoking helmet
 14023 | D:10     | Identified the +1 helmet of Diatwiez {+Fly rC- MR+ Regen+} (You found it on level 10 of the Dungeon)
 14313 | D:10     | Reached skill level 2 in Evocations
 14320 | D:10     | Reached skill level 11 in Dodging
 14731 | D:10     | Reached skill level 3 in Evocations
 14807 | D:10     | Reached XP level 12. HP: 82/82 MP: 14/14
 15002 | D:9      | Killed an elephant
 15420 | D:10     | Reached skill level 4 in Evocations
 15672 | D:11     | Noticed Sonja
 15687 | D:11     | Killed Sonja
 15687 | D:11     | Acquired Okawaru's second power
 15946 | D:11     | Reached skill level 5 in Evocations
 15948 | D:11     | Upgraded the game from 0.17-a0-1393-gcb420ff to 0.17-a0-1397-g0eee0a3
 15952 | D:11     | Found Ymmolimp's Assorted Antiques.
 15956 | D:11     | Bought a thin copper amulet for 160 gold pieces
 16173 | D:11     | Received a gift from Okawaru
 16173 | D:11     | Reached skill level 13 in Fighting
 16173 | D:11     | Reached skill level 12 in Dodging
 16510 | Lair:1   | Killed a five-headed hydra
 16510 | Lair:1   | Reached skill level 6 in Evocations
 16904 | Lair:2   | HP: 20/84 [yak (12)]
 16911 | Lair:2   | HP: 17/84 [yak (4)]
 17314 | Lair:2   | Noticed a death yak
 17315 | Lair:2   | Noticed a death yak
 17315 | Lair:2   | Noticed a death yak
 17316 | Lair:2   | Noticed a death yak
 17351 | Lair:1   | Killed a death yak
 17444 | Lair:2   | Noticed a five-headed hydra
 17456 | Lair:2   | Reached skill level 1 in Invocations
 17501 | Lair:2   | Killed a five-headed hydra
 17541 | Lair:2   | Noticed a death yak
 17551 | Lair:2   | Reached skill level 2 in Invocations
 17556 | Lair:2   | Noticed a death yak
 17604 | Lair:2   | Reached XP level 13. HP: 73/88 MP: 15/18
 17765 | Lair:2   | Reached skill level 3 in Invocations
 17815 | Lair:2   | Received a gift from Okawaru
 17815 | Lair:2   | Reached skill level 13 in Dodging
 17934 | Lair:2   | Reached skill level 7 in Evocations
 18008 | Lair:2   | Killed a death yak
 18205 | Lair:2   | Killed a death yak
 18286 | Lair:2   | Killed a death yak
 18286 | Lair:2   | Reached skill level 14 in Fighting
 18309 | Lair:2   | HP: 21/90 [death yak (14)]
 18336 | Lair:1   | HP: 21/90 [death yak (6)]
 18366 | Lair:1   | HP: 18/90 [death yak (10)]
 18706 | Lair:1   | Killed a death yak
 19011 | Lair:2   | Reached skill level 8 in Evocations
 19783 | Lair:3   | Noticed Fannar
 19851 | Lair:3   | Killed Fannar
 20060 | Lair:3   | Reached skill level 14 in Dodging
 20657 | Lair:4   | Reached skill level 9 in Evocations
 20857 | Lair:4   | Received a gift from Okawaru
 20898 | Lair:4   | --+2 gloves of dex, +3 to AC and EV!
 21123 | Lair:4   | --...and a +6 =of EV to go with my +4 ring
 21266 | Lair:4   | Found a staircase to the Snake Pit.
 21403 | Lair:4   | Reached XP level 14. HP: 87/96 MP: 21/21
 22255 | Lair:4   | Reached skill level 10 in Evocations
 22538 | Lair:5   | Reached skill level 15 in Fighting
 22821 | Lair:5   | Noticed Maud
 22830 | Lair:5   | Killed Maud
 23457 | Lair:6   | Reached skill level 15 in Dodging
 23758 | Lair:6   | Found a staircase to the Shoals.
 23768 | Lair:6   | Reached skill level 11 in Evocations
 24745 | Lair:6   | HP: 26/98 [acid (9)]
 25385 | Lair:7   | Received a gift from Okawaru
 25765 | Lair:7   | Found a viscous altar of Jiyva.
 25765 | Lair:7   | Found a staircase to the Slime Pits.
 26119 | Lair:8   | Entered Level 8 of the Lair of Beasts
 26301 | Lair:7   | Reached skill level 12 in Evocations
 26301 | Lair:7   | Reached XP level 15. HP: 97/104 MP: 22/24
 26593 | Lair:8   | Reached skill level 16 in Fighting
 26772 | Lair:8   | Reached skill level 16 in Dodging
 27770 | Lair:8   | Reached skill level 4 in Invocations
 28461 | Lair:8   | Reached skill level 5 in Invocations
 29135 | D:12     | Found Zimpiv's Food Boutique.
 29288 | D:12     | Identified Buneumis's Reference Book on the Bewitching Compass
 29345 | D:12     | Found a roughly hewn altar of Beogh.
 29345 | D:12     | Found a staircase to the Orcish Mines.
 29917 | D:12     | Noticed Jessica
 29937 | D:12     | Killed Jessica
 29937 | D:12     | Reached skill level 6 in Invocations
 29946 | D:12     | Found a deep blue altar of Sif Muna.
 30585 | Orc:1    | Entered Level 1 of the Orcish Mines
 30874 | Orc:1    | Found a roughly hewn altar of Beogh.
 31265 | Orc:2    | Found Iteg's Antique Armour Emporium.
 31340 | Orc:2    | Reached XP level 16. HP: 97/112 MP: 21/25
 31419 | Orc:2    | Found a roughly hewn altar of Beogh.
 32067 | Orc:3    | Received a gift from Okawaru
 32067 | Orc:3    | Reached skill level 17 in Dodging
 32069 | Orc:3    | Got a dazzling hat {god gift}
 32086 | Orc:3    | Identified the +2 hat "Tofuicvei" {+Fly Str+8 Dex-5 Stlth-} (Okawaru gifted it to you on level 3 of the Orcish Mines)
 32190 | Orc:3    | Noticed Josephine
 32253 | Orc:3    | Reached skill level 17 in Fighting
 32436 | Orc:3    | Killed Josephine
 32835 | Orc:3    | Reached skill level 7 in Invocations
 33359 | Orc:4    | Entered Level 4 of the Orcish Mines
 33392 | Orc:4    | Found a frozen archway.
 33499 | IceCv    | Entered an ice cave
 33583 | IceCv    | HP: 31/112 [ice beast[an ice statue] (10)]
 33904 | IceCv    | HP: 32/112 [ice statue] (7)]
 34264 | IceCv    | Got a fine shortbow
 34297 | IceCv    | Identified the +11 shortbow "Curchope" {speed, Int+7} (You found it in an ice cave)
 34354 | Orc:4    | Found a staircase to the Elven Halls.
 34354 | Orc:4    | Found Garghiec's Food Boutique.
 35797 | Orc:4    | Reached skill level 8 in Invocations
 36543 | Orc:4    | Found Veabuc's Antique Armour Shoppe.
 36544 | Orc:4    | Found Vuutaete's Antique Weapon Shoppe.
 36553 | Orc:4    | Found Lokarajaat's General Store.
 36553 | Orc:4    | Found Qudef's Book Emporium.
 36591 | Orc:4    | Bought a book of Air for 490 gold pieces
 36594 | Orc:4    | Learned a level 2 spell: Repel Missiles
 36597 | Orc:4    | Learned a level 2 spell: Swiftness
 37125 | D:13     | Noticed Erolcha
 37128 | D:13     | Killed Erolcha
 37234 | D:13     | Noticed Urug
 37264 | D:13     | Killed Urug
 37264 | D:13     | Reached skill level 1 in Spellcasting
 37264 | D:13     | Reached skill level 1 in Charms
 37264 | D:13     | Reached skill level 1 in Air Magic
 37450 | D:13     | Received a gift from Okawaru
 37669 | D:14     | Noticed a tengu reaver
 37671 | D:14     | Noticed a storm dragon
 37803 | D:14     | Reached skill level 2 in Charms
 37809 | D:14     | Reached skill level 2 in Air Magic
 37928 | D:14     | Reached skill level 2 in Spellcasting
 38029 | D:14     | Reached skill level 3 in Charms
 38152 | D:14     | Found a gate to the Vaults.
 38396 | D:14     | Reached skill level 3 in Air Magic
 38788 | D:14     | Killed a tengu reaver
 38788 | D:14     | Reached skill level 3 in Spellcasting
 38981 | D:14     | Killed a storm dragon
 38981 | D:14     | Reached skill level 4 in Charms
 38981 | D:14     | Reached XP level 17. HP: 63/118 MP: 18/26
 39348 | D:15     | Entered Level 15 of the Dungeon
 39434 | D:15     | Reached skill level 4 in Air Magic
 39781 | D:15     | Reached skill level 4 in Spellcasting
 39781 | D:15     | Reached skill level 5 in Air Magic
 40138 | D:14     | Reached skill level 6 in Air Magic
 40150 | D:14     | Received a gift from Okawaru
 40441 | D:15     | Found a staircase to the Depths.
 40680 | D:15     | Reached skill level 5 in Charms
 40898 | Lair:1   | Upgraded the game from 0.17-a0-1397-g0eee0a3 to 0.17-a0-1399-gd5b76e1
 40997 | Snake:1  | Entered Level 1 of the Snake Pit
 41120 | Lair:4   | HP: 25/118 [black mamba (12)]
 41619 | Shoals:1 | Entered Level 1 of the Shoals
 41854 | Shoals:1 | HP: 29/118 [faun/spear (14)]
 41862 | Shoals:1 | Reached skill level 5 in Spellcasting
 42104 | Lair:6   | Reached skill level 7 in Air Magic
 42469 | Shoals:1 | Reached skill level 6 in Charms
 42582 | Shoals:1 | Reached skill level 1 in Throwing
 42598 | Shoals:1 | Reached skill level 2 in Armour
 42908 | Shoals:1 | Reached skill level 2 in Throwing
 43034 | Shoals:1 | Reached skill level 3 in Armour
 43144 | Shoals:1 | Reached skill level 3 in Throwing
 43597 | Shoals:2 | HP: 34/118 [drowned by a drowned soul[a merfolk avatar] (9)]
 43602 | Shoals:2 | HP: 13/118 [drowned by a drowned soul[a merfolk avatar] (11)]
 43609 | Shoals:2 | HP: 13/118 [poisoned by a merfolk]
 43609 | Shoals:2 | HP: 1/118 [drowned by a drowned soul[a merfolk avatar] (12)]
 43847 | Shoals:1 | HP: 34/118 [harpy (5)]
 43857 | Shoals:1 | HP: 23/118 [harpy (9)]
 44222 | Shoals:1 | Reached skill level 4 in Throwing
 44222 | Shoals:1 | Reached skill level 4 in Armour
 44296 | Shoals:2 | Noticed Frances
 44310 | Shoals:2 | Killed Frances
 44326 | Shoals:2 | HP: 35/118 [poisoned by a sea snake]
 44331 | Shoals:2 | HP: 29/118 [poisoned by a sea snake]
 44336 | Shoals:1 | HP: 25/118 [poisoned by a sea snake]
 44342 | Shoals:1 | HP: 22/118 [poisoned by a sea snake]
 44348 | Shoals:1 | HP: 21/118 [poisoned by a sea snake]
 44354 | Shoals:1 | HP: 20/118 [poisoned by a sea snake]
 44362 | Shoals:1 | HP: 21/118 [poisoned by a sea snake]
 44594 | Shoals:1 | HP: 35/118 [drowned by a water elemental (3)]
 44619 | Shoals:1 | HP: 28/118 [drowned by a water elemental (1)]
 44624 | Shoals:1 | HP: 20/118 [drowned by a water elemental (2)]
 45089 | Lair:4   | Received a gift from Okawaru
 45090 | Lair:4   | Got a transparent hat {god gift}
 45101 | Lair:4   | Identified the +2 hat "Vuneidois" {+Inv rPois rC+++ Slay+3} (Okawaru gifted it to you on level 4 of the Lair of Beasts)
 45315 | Orc:2    | Bought a runed cloak for 99 gold pieces
 45315 | Orc:2    | Bought a shimmering chain mail for 209 gold pieces
 45467 | Lair:1   | Identified the +7 chain mail of Charity {Str+5} (You bought it in a shop on level 2 of the Orcish Mines)
 45927 | Shoals:2 | Reached skill level 1 in Shields
 45941 | Shoals:2 | Reached skill level 5 in Armour
 46128 | Shoals:2 | Reached XP level 18. HP: 108/124 MP: 22/27
 46148 | Shoals:2 | Reached skill level 2 in Shields
 47147 | Shoals:2 | Reached skill level 3 in Shields
 47769 | Shoals:3 | Reached skill level 6 in Armour
 47772 | Shoals:3 | Reached skill level 13 in Short Blades
 47867 | Shoals:3 | Found Lucliap's Magic Scroll Shop.
 47902 | Shoals:3 | Bought a scroll of enchant armour for 150 gold pieces
 47902 | Shoals:3 | Bought a scroll of enchant weapon for 150 gold pieces
 48272 | Shoals:3 | Reached skill level 4 in Shields
 49840 | Snake:1  | Reached skill level 7 in Armour
 50105 | Snake:1  | Reached skill level 5 in Shields
 50228 | Snake:1  | Received a gift from Okawaru
 51568 | Snake:2  | Reached skill level 8 in Armour
 51968 | Snake:2  | Reached skill level 14 in Short Blades
 52316 | Snake:2  | Reached skill level 5 in Throwing
 52361 | Snake:2  | Reached XP level 19. HP: 81/128 MP: 18/28
 52927 | Snake:2  | Reached skill level 6 in Throwing
 53273 | Snake:3  | Reached skill level 9 in Armour
 53497 | Snake:4  | Entered Level 4 of the Snake Pit
 53830 | Snake:4  | Received a gift from Okawaru
 54303 | Snake:4  | Reached skill level 7 in Throwing
 55505 | Snake:4  | Reached skill level 8 in Throwing
 55749 | Snake:4  | Reached skill level 10 in Armour
 56753 | Snake:4  | Reached skill level 9 in Throwing
 57512 | Snake:4  | Reached skill level 11 in Armour
 57763 | Snake:4  | Got a serpentine rune of Zot
 57794 | Snake:4  | Reached skill level 10 in Throwing
 57881 | Snake:4  | HP: 38/128 [poisoned by a naga mage (bolt of poison)]
 57886 | Snake:4  | HP: 29/128 [poisoned by a naga mage (bolt of poison)]
 57891 | Snake:4  | HP: 19/128 [poisoned by a naga mage (bolt of poison)]
 57896 | Snake:4  | HP: 12/128 [poisoned by a naga mage (bolt of poison)]
 57901 | Snake:4  | HP: 7/128 [poisoned by a naga mage (bolt of poison)]
 57906 | Snake:4  | HP: 5/128 [poisoned by a naga mage (bolt of poison)]
 57912 | Snake:4  | HP: 3/128 [poisoned by a naga mage (bolt of poison)]
 57917 | Snake:4  | HP: 2/128 [poisoned by a naga mage (bolt of poison)]
 57924 | Snake:4  | HP: 2/128 [poisoned by a naga mage (bolt of poison)]
 57932 | Snake:4  | HP: 3/128 [poisoned by a naga mage (bolt of poison)]
 59117 | Shoals:4 | Entered Level 4 of the Shoals
 59350 | Shoals:4 | Received a gift from Okawaru
 59350 | Shoals:4 | Reached XP level 20. HP: 108/135 MP: 23/29
 59425 | Shoals:4 | Got a slimy long sword
 59426 | Shoals:4 | Identified the +2 long sword of Battle {slice, rF- Dex+6} (You found it on level 4 of the Shoals)
 59501 | Shoals:4 | Found Gilymec's General Store.
 59522 | Shoals:4 | Bought a scroll of blinking for 82 gold pieces
 59562 | Shoals:4 | Noticed Ilsuiw
 59605 | Shoals:4 | Killed Ilsuiw
 59605 | Shoals:4 | Received a gift from Okawaru
 59737 | Shoals:4 | Received a gift from Okawaru
 60091 | Shoals:4 | Reached skill level 12 in Armour
 60095 | Shoals:4 | Identified the Papyrus of the Frostbite
 60267 | Shoals:4 | Identified the Catalogue of the Poisonous Entourage
 60422 | Shoals:4 | Reached skill level 18 in Fighting
 60978 | Shoals:4 | Received a gift from Okawaru
 61333 | Shoals:4 | Got a barnacled rune of Zot
 61706 | Lair:6   | Upgraded the game from 0.17-a0-1399-gd5b76e1 to 0.17-a0-1403-g9df874c
 62058 | Vaults:1 | Entered Level 1 of the Vaults
 62369 | Vaults:1 | Got a twisted leather armour
 62370 | Vaults:1 | Identified the +1 leather armour "Xonunig" {-Tele rCorr Str-2 Int+12} (You found it on level 1 of the Vaults)
 62910 | Vaults:1 | Reached skill level 13 in Armour
 63788 | Vaults:1 | Received a gift from Okawaru
 64784 | Vaults:1 | Reached XP level 21. HP: 68/142 MP: 30/30
 65572 | Vaults:2 | Found a staircase to the Crypt.
 65572 | Vaults:2 | Found an ancient bone altar of Kikubaaqudgha.
 65573 | Vaults:2 | Found a basalt altar of Yredelemnul.
 66394 | Vaults:1 | Reached skill level 14 in Armour
 66513 | Vaults:2 | Received a gift from Okawaru
 66558 | Vaults:2 | Got a steaming crystal plate armour {god gift}
 67148 | Vaults:1 | Identified the +1 crystal plate armour "Qabyss" {+Inv rC+++ MR- Int-2} (Okawaru gifted it to you on level 2 of the Vaults)
 68255 | Vaults:3 | Reached skill level 19 in Fighting
 69672 | Vaults:3 | Reached skill level 1 in Long Blades
 70308 | Vaults:3 | Reached skill level 2 in Long Blades
 71280 | Vaults:3 | Reached skill level 3 in Long Blades
 71456 | Vaults:4 | Received a gift from Okawaru
 71628 | Vaults:3 | Reached skill level 4 in Long Blades
 71745 | Vaults:4 | Reached XP level 22. HP: 150/150 MP: 31/31
 71839 | Vaults:4 | Found Lozuom's General Store.
 71910 | Vaults:3 | Reached skill level 5 in Long Blades
 72130 | Vaults:3 | HP: 45/151 [vault guard/great sword of slicing (1)]
 72158 | Vaults:3 | HP: 41/151 [tengu reaver/long sword (11)]
 72624 | Vaults:4 | Reached skill level 6 in Long Blades
 73174 | Vaults:4 | Received a gift from Okawaru
 73292 | Vaults:4 | Bought a scroll of blinking for 142 gold pieces
 73339 | Vaults:4 | Reached skill level 7 in Long Blades
 73698 | Vaults:4 | Reached skill level 20 in Fighting
 73803 | Vaults:4 | Got a twisted leather armour
 74321 | Vaults:4 | Reached skill level 8 in Long Blades
 74535 | Vaults:4 | Received a gift from Okawaru
 74536 | Vaults:4 | Got a steaming plate armour {god gift}
 75364 | D:14     | Identified the +8 plate armour "Idghah" {rN+} (Okawaru gifted it to you on level 4 of the Vaults)
 75374 | D:14     | Identified the +2 leather armour of Grace {*Confuse rElec rPois Dex+2} (You found it on level 4 of the Vaults)
 75717 | Elf:1    | Entered Level 1 of the Elven Halls
 75719 | Elf:1    | Noticed Donald
 75741 | Elf:1    | Killed Donald
 75777 | Elf:1    | Noticed Asterion
 75794 | Elf:1    | Killed Asterion
 75875 | Elf:1    | Reached skill level 9 in Long Blades
 75939 | Elf:1    | Identified Sif Muna's Compendium of Attacks and the Volcanoes
 76295 | Elf:1    | Gained mutation: You are covered in fur (AC +1). [potion of beneficial mutation]
 76433 | Elf:1    | Noticed Nikola
 76453 | Elf:1    | Killed Nikola
 76688 | Elf:1    | Reached XP level 23. HP: 151/158 MP: 32/32
 76975 | Elf:2    | Found a huge runed gate.
 76975 | Elf:2    | Found a huge runed gate.
 76975 | Elf:2    | Found a huge runed gate.
 76975 | Elf:2    | Found a huge runed gate.
 76975 | Elf:2    | Found a huge runed gate.
 76975 | Elf:2    | Found a huge runed gate.
 76975 | Elf:2    | Found a huge runed gate.
 76975 | Elf:2    | Found a huge runed gate.
 76975 | Elf:2    | Found a huge runed gate.
 76975 | Elf:2    | Found a huge runed gate.
 77052 | Elf:2    | Found a huge runed gate.
 77052 | Elf:2    | Found a huge runed gate.
 77052 | Elf:2    | Found a huge runed gate.
 77052 | Elf:2    | Found a huge runed gate.
 77052 | Elf:2    | Found a huge runed gate.
 77053 | Elf:2    | Got a glittering brass ring
 77055 | Elf:2    | Identified the ring of Doefasty {rElec rPois rC+ Str-3 SInv} (You found it on level 2 of the Elven Halls)
 77202 | Elf:2    | Found a huge runed gate.
 77202 | Elf:2    | Found a huge runed gate.
 77202 | Elf:2    | Found a huge runed gate.
 77203 | Elf:2    | Found a huge runed gate.
 77211 | Elf:2    | Found a huge runed gate.
 77212 | Elf:2    | Found a huge runed gate.
 77236 | Elf:2    | Found Xuosait's Weapon Boutique.
 77318 | Elf:2    | Found a runed gate.
 77318 | Elf:2    | Found a runed gate.
 77343 | Elf:2    | Found a runed gate.
 77621 | Elf:1    | Reached skill level 10 in Long Blades
 78648 | Elf:2    | HP: 41/158 [vampiric battleaxe (18)]
 78654 | Elf:2    | HP: 31/158 [poisoned by a halberd of venom]
 78654 | Elf:2    | HP: 11/158 [vampiric battleaxe (20)]
 78659 | Elf:2    | HP: 12/158 [poisoned by a halberd of venom]
 79197 | Elf:2    | Reached skill level 11 in Long Blades
 80058 | Depths:1 | Entered Level 1 of the Depths
 80141 | Depths:1 | Found a one-way gate to the infinite horrors of the Abyss.
 80156 | Depths:1 | Received a gift from Okawaru
 80168 | Depths:1 | HP: 41/159 [vampire knight/vampiric draining (15)]
 80169 | Depths:1 | HP: 15/159 [vampire knight/vampiric draining (26)]
 80829 | Depths:1 | Found a gateway to Hell.
 80898 | Depths:1 | Reached skill level 21 in Fighting
 80936 | Depths:1 | Received a gift from Okawaru
 81332 | Depths:1 | Reached skill level 12 in Long Blades
 81721 | Depths:1 | HP: 48/160 [cyan very ugly thing (20)]
 82076 | Depths:1 | Received a gift from Okawaru
 82223 | Depths:1 | Received a gift from Okawaru
 82223 | Depths:1 | Reached XP level 24. HP: 152/166 MP: 32/32
 82846 | Depths:2 | Found a one-way gate leading to the halls of Pandemonium.
 82886 | Depths:2 | HP: 45/166 [spriggan berserker/dazzling trident (7)]
 82894 | Depths:2 | HP: 40/166 [spriggan berserker/dazzling trident (8)]
 82902 | Depths:1 | HP: 16/166 [spriggan berserker/dazzling trident (25)]
 82907 | Depths:1 | HP: 24/166 [fire giant/fireball (10)]
 82913 | Depths:1 | HP: 16/166 [fire giant/fireball (9)]
 83340 | Depths:1 | Received a gift from Okawaru
 83626 | Depths:2 | Found a gateway to a ziggurat.
 83691 | Depths:1 | Reached skill level 13 in Long Blades
 84072 | Depths:2 | Found a burning altar of Makhleb.
 84924 | Depths:3 | Noticed Saint Roka
 84955 | Depths:3 | Killed Saint Roka
 84955 | Depths:3 | Received a gift from Okawaru
 85254 | Depths:3 | Reached skill level 15 in Armour
 85296 | Depths:3 | Reached skill level 22 in Fighting
 85458 | Depths:3 | Noticed Margery
 85506 | Depths:3 | Killed Margery
 85967 | Depths:3 | Identified Kuur's Papyrus of Mutagenic Enchantment
 86199 | Depths:3 | Reached skill level 13 in Evocations
 86281 | Depths:3 | Noticed Jory
 86318 | Depths:3 | Killed Jory
 86611 | Depths:3 | HP: 44/168 [??? (41)]
 86622 | Depths:3 | HP: 35/168 [hellwing (5)]
 87060 | Depths:3 | Got a heavily runed leather armour
 87084 | Depths:3 | Identified the +3 leather armour of Sull {rC+ Int+3 Dex+3} (You took it off a rakshasa on level 3 of the Depths)
 87154 | Depths:3 | Reached XP level 25. HP: 173/173 MP: 32/32
 87826 | Depths:3 | Received a gift from Okawaru
 87843 | Depths:3 | Reached skill level 16 in Armour
 87986 | Depths:3 | Reached skill level 14 in Evocations
 88102 | Depths:3 | Got a flickering pewter ring
 88109 | Depths:3 | Identified the ring "Owkiop" {rF+ rC+ MR+++ Int-5 Dex+3} (You found it on level 3 of the Depths)
 88112 | Depths:3 | Got a translucent ivory amulet
 88114 | Depths:3 | Identified the amulet "Asoyvint" {rMut Str+4 Int+2} (You found it on level 3 of the Depths)
 88123 | Depths:3 | Got a warped scale mail
 88124 | Depths:3 | Identified the cursed +0 scale mail "Xair" {*Drain rElec rC++ rCorr} (You found it on level 3 of the Depths)
 88641 | Elf:3    | Entered Level 3 of the Elven Halls
 88668 | Elf:3    | Learned a level 2 spell: Blink
 88684 | Elf:3    | Noticed Louise
 88707 | Elf:3    | Killed Louise
 89110 | Elf:3    | Noticed Roxanne
 89681 | Elf:3    | Killed Roxanne
 89691 | Elf:3    | Identified Roxanne's Collected Works on Shape Shifting (You took it off Roxanne on level 3 of the Elven Halls)
 90542 | Elf:3    | Received a gift from Okawaru
 90737 | Elf:3    | Received a gift from Okawaru
 91265 | Elf:3    | Got a scorched steel amulet
 91266 | Elf:3    | Identified the amulet "Loymec" {Clar MR++ SInv Stlth-} (You took it off a deep elf death mage on level 3 of the Elven Halls)
 92529 | Depths:4 | Reached skill level 17 in Armour
 92786 | Depths:4 | Reached skill level 15 in Evocations
 92997 | Depths:4 | HP: 49/173 [sun demon (3)]
 93536 | Depths:4 | Reached XP level 26. HP: 179/179 MP: 34/34
 93703 | Depths:4 | Found a sparkling altar of Nemelex Xobeh.
 93810 | Depths:4 | Found an ancient bone altar of Kikubaaqudgha.
 94090 | Depths:4 | Got a dazzling cloak
 94101 | Depths:4 | Identified the +2 cloak of Panentheism {rPois} (You found it on level 4 of the Depths)
 94216 | Depths:4 | Received a gift from Okawaru
 94279 | Depths:4 | HP: 48/179 [spriggan air mage/the air (14)]
 94312 | Depths:4 | HP: 47/179 [fire dragon (3)]
 94372 | Depths:4 | Reached skill level 14 in Long Blades
 94524 | D:15     | Got a transparent cloak
 94535 | D:15     | Identified the +0 cloak of Poarph {rElec rN+ Dex+3} (You acquired it on level 15 of the Dungeon)
 95259 | Depths:4 | Received a gift from Okawaru
 95317 | Depths:4 | Identified Vehumet's Almanac of Arcane Weapons
 95544 | Depths:4 | Received a gift from Okawaru
 95590 | Depths:4 | Reached skill level 18 in Armour
 95683 | Depths:4 | Found a blossoming altar of Fedhas.
 95797 | Depths:4 | Got a smoking golden ring
 96004 | Depths:4 | Found an iron altar of Okawaru.
 96519 | Depths:4 | Identified the ring "Amotag" {*Confuse +Inv Dex+2 Slay+2} (You took it off a deep elf mage on level 4 of the Depths)
 97184 | Slime:1  | Entered Level 1 of the Pits of Slime
 97762 | Slime:3  | Reached skill level 15 in Long Blades
 98024 | Slime:4  | Reached skill level 1 in Translocations
 98024 | Slime:4  | Reached XP level 27. HP: 138/184 MP: 34/34
 98140 | Slime:5  | Noticed Dissolution
 98150 | Slime:5  | Gained mutation: You are occasionally teleported to nearby monsters. [a shining eye]
 98154 | Slime:5  | Paralysed by a giant eyeball for 2 turns
 98161 | Slime:5  | Paralysed by a giant eyeball for 3 turns
 98165 | Slime:5  | Killed Dissolution
 98165 | Slime:5  | Received a gift from Okawaru
 98165 | Slime:5  | Reached skill level 9 in Stealth
 98165 | Slime:5  | Reached skill level 3 in Translocations
 98311 | Slime:6  | Entered Level 6 of the Pits of Slime
 98372 | Slime:5  | Reached skill level 4 in Translocations
 98397 | Slime:6  | Received a gift from Okawaru
 98397 | Slime:6  | Reached skill level 10 in Stealth
 98671 | Slime:5  | Reached skill level 5 in Translocations
 99253 | Slime:5  | Reached skill level 11 in Stealth
 99358 | Slime:6  | Found a viscous altar of Jiyva.
 99405 | Slime:6  | Gained mutation: Your body sometimes deteriorates upon taking damage. [a shining eye]
 99408 | Slime:6  | Reached skill level 6 in Translocations
 99455 | Slime:6  | Noticed the royal jelly
 99849 | Slime:6  | Killed the royal jelly
 99849 | Slime:6  | Received a gift from Okawaru
 99849 | Slime:6  | Reached skill level 12 in Stealth
100191 | Slime:5  | HP: 14/184 [enormous slime creature (55)]
100197 | Slime:4  | HP: 31/184 [acid (11)]
100205 | Slime:4  | HP: 23/184 [death ooze (12)]
100208 | Slime:5  | HP: 2/184 [death ooze (22)]
100213 | Slime:5  | Reached skill level 11 in Throwing
100333 | Slime:5  | HP: 54/184 [acid (3)]
100415 | Slime:6  | HP: 52/184 [acid (6)]
100423 | Slime:6  | HP: 51/184 [acid (4)]
100440 | Slime:6  | HP: 47/184 [acid blob/splash of acid (1)]
100453 | Slime:5  | HP: 42/184 [acid blob (4)]
100667 | Slime:6  | Reached skill level 13 in Stealth
100742 | Slime:6  | Got a slimy rune of Zot
100951 | Slime:6  | Got a dazzling scale mail
101104 | Slime:5  | HP: 53/184 [acid (6)]
101110 | Slime:5  | HP: 54/184 [great orb of eyes (2)]
101112 | Slime:5  | HP: 25/184 [acid (5)]
101637 | Lair:2   | Killed a death yak
101726 | Lair:1   | Identified the +6 scale mail "Epsayve" {rElec MR++ Int-5 SInv} (You found it on level 6 of the Pits of Slime)
101740 | Lair:1   | Upgraded the game from 0.17-a0-1403-g9df874c to 0.17-a0-1404-gb8113a6
101744 | Lair:1   | Identified a +4 rod of inaccuracy (9/9) (You found it on level 6 of the Pits of Slime)
101761 | Lair:1   | Lost mutation: Your body sometimes deteriorates upon taking damage. [potion of cure mutation]
101761 | Lair:1   | Lost mutation: You are occasionally teleported to nearby monsters. [potion of cure mutation]
101761 | Lair:1   | Lost mutation: You are covered in fur (AC +1). [potion of cure mutation]
102047 | Depths:5 | Entered Level 5 of the Depths
102054 | Depths:5 | Reached skill level 12 in Throwing
102444 | Depths:5 | Reached skill level 14 in Stealth
103059 | Depths:5 | Reached skill level 13 in Throwing
103263 | Depths:5 | Reached skill level 15 in Stealth
103431 | Depths:5 | Received a gift from Okawaru
103432 | Depths:5 | Got a crude ring mail {god gift}
103480 | Depths:4 | Identified the +2 ring mail of Vexation {MR+ Str+3 Dex+3 Stlth-} (Okawaru gifted it to you on level 5 of the Depths)
103808 | Depths:4 | Reached skill level 14 in Throwing
104276 | Depths:5 | Reached skill level 19 in Armour
104662 | Depths:5 | Found a gate to the Realm of Zot.
105484 | Crypt:1  | Entered Level 1 of the Crypt
106918 | Crypt:1  | Reached skill level 15 in Throwing
107137 | Crypt:2  | Received a gift from Okawaru
107283 | Crypt:2  | HP: 51/184 [revenant] (6)]
107698 | Crypt:2  | Received a gift from Okawaru
107826 | Crypt:2  | Reached skill level 7 in Translocations
107850 | Crypt:2  | Reached skill level 7 in Charms
108993 | Crypt:3  | Entered Level 3 of the Crypt
109014 | Crypt:3  | HP: 36/184 [???[a lich] (34)]
109547 | Crypt:3  | Learned a level 3 spell: Regeneration
109633 | Crypt:3  | Reached skill level 20 in Armour
109633 | Crypt:3  | Reached skill level 8 in Translocations
109849 | Crypt:3  | HP: 48/184 [??? (46)]
109851 | Crypt:3  | HP: 18/184 [??? (16)]
109863 | Crypt:3  | HP: 20/184 [??? (18)]
109952 | Crypt:2  | ohyou: close call
110298 | Crypt:2  | Gorice: heh, yep!
110298 | Crypt:2  | ohyou: could you make a dump please?
110298 | Crypt:2  | ohyou: #
110298 | Crypt:2  | ohyou: thanks
110298 | Crypt:2  | Gorice: OK there you go
110298 | Crypt:2  | Gorice: afraid I'll have to stop in a couple of mins
110308 | Crypt:2  | ohyou: that's ok
110363 | Crypt:3  | ohyou: i'm taking breakfast and watching others :P i'll go play too, soon
110363 | Crypt:3  | Gorice: good thinking! learn from others' mistakes!
110413 | Crypt:3  | ohyou: haha yeah. you have so much stealth though
110413 | Crypt:3  | Gorice: that's the advantage of being a Ko
110413 | Crypt:3  | Gorice: and when you play like I do
110413 | Crypt:3  | Gorice: you need every bit!
110413 | Crypt:3  | ohyou: ^^
110413 | Crypt:3  | Gorice: at least some of the monsters chasing you
110413 | Crypt:3  | Gorice: give up and forget!
110532 | Crypt:3  | Found a staircase to the Tomb.
110613 | Crypt:3  | HP: 45/184 [??? (42)]
110618 | Crypt:3  | HP: 24/184 [??? (22)]
110876 | Crypt:2  | ohyou: i'll be going, have fun
110876 | Crypt:2  | Gorice: OK and you
110959 | Crypt:2  | HP: 55/184 [flayed ghost/flay_damage[a vampire mage] (23)]
110966 | Crypt:1  | Reached skill level 8 in Charms
111371 | Crypt:3  | Reached skill level 1 in Necromancy
111571 | Crypt:3  | HP: 44/184 [??? (42)]
111606 | Crypt:2  | HP: 32/184 [skeletal warrior/hand axe[a death knight] (4)]
112160 | Crypt:3  | Reached skill level 2 in Necromancy
112274 | Crypt:3  | HP: 55/184 [vampire mage/vampiric draining (25)]
112567 | Crypt:3  | Found an ancient bone altar of Kikubaaqudgha.
112599 | Crypt:3  | Reached skill level 3 in Necromancy
112972 | Crypt:3  | Received a gift from Okawaru
113047 | Crypt:3  | Reached skill level 4 in Necromancy
113193 | Crypt:3  | Reached skill level 9 in Charms
113467 | Crypt:3  | Identified the Catalogue of Lucky Unholy Rituals
113679 | Crypt:1  | Received a gift from Okawaru
114033 | Lair:1   | Learned a level 5 spell: Phase Shift
114038 | Lair:1   | Learned a level 4 spell: Passage of Golubria
114267 | Zot:1    | Entered Level 1 of the Realm of Zot
114726 | Zot:1    | Reached skill level 5 in Necromancy
114916 | Zot:1    | Received a gift from Okawaru
115338 | Zot:1    | Received a gift from Okawaru
115605 | Zot:1    | Reached skill level 21 in Armour
115626 | Zot:1    | Reached skill level 6 in Necromancy
116075 | Zot:1    | Received a gift from Okawaru
116266 | Zot:1    | Received a gift from Okawaru
116440 | Zot:2    | Reached skill level 9 in Translocations
116548 | Zot:2    | Reached skill level 7 in Necromancy
116609 | Zot:2    | HP: 55/184 [green draconian knight/glaive (3)]
116655 | Zot:2    | HP: 53/184 [storm dragon/bolt of lightning (30)]
117095 | Zot:2    | Received a gift from Okawaru
117422 | Zot:2    | Reached skill level 8 in Necromancy
117563 | Zot:2    | Reached skill level 10 in Translocations
117946 | Zot:1    | Received a gift from Okawaru
118389 | Zot:3    | Reached skill level 22 in Armour
118516 | Zot:3    | Reached skill level 11 in Translocations
118649 | Zot:2    | Reached skill level 6 in Spellcasting
118800 | Zot:3    | Received a gift from Okawaru
119025 | Zot:3    | Reached skill level 7 in Spellcasting
119080 | Zot:3    | Received a gift from Okawaru
119102 | Zot:3    | Got a shimmering long sword {god gift}
119108 | Zot:3    | Identified the +1 long sword of Suozeim {flame, rElec MP-9 Int-2 SInv} (Okawaru gifted it to you on level 3 of the Realm of Zot)
119248 | Zot:3    | Reached skill level 12 in Translocations
119766 | Zot:4    | Reached skill level 8 in Spellcasting
120277 | Zot:4    | Received a gift from Okawaru
120642 | Zot:2    | Reached skill level 9 in Spellcasting
120751 | Zot:2    | Reached skill level 13 in Translocations
121002 | Zot:4    | HP: 47/184 [??? (44)]
121009 | Zot:4    | HP: 17/184 [??? (15)]
121010 | Zot:4    | HP: 5/184 [deathcap/drain life[a curse toe] (12)]
121565 | Zot:4    | Received a gift from Okawaru
121576 | Zot:4    | Reached skill level 10 in Spellcasting
122955 | Vaults:5 | Entered Level 5 of the Vaults
122959 | Vaults:5 | Reached skill level 18 in Dodging
122977 | Vaults:4 | Reached skill level 11 in Spellcasting
123109 | Vaults:5 | Noticed an ancient lich
123111 | Vaults:5 | Received a gift from Okawaru
123112 | Vaults:5 | HP: 51/184 [storm dragon (5)]
123113 | Vaults:5 | HP: 15/184 [golden dragon/bolt of cold (15)]
123115 | Vaults:5 | Slain by a quicksilver dragon

Vault maps used:
D:1:      tarquinn_simple_flora_water_f
D:2:      old_standard_altar, first_bread, kennysheep_generic_room_6
D:3:      lemuel_round_altar, ecumenical_altar_2
D:4:      vehumet_statue, minmay_temple_entry_glassed_door, uniq_edmund,
          uniq_menkaure, uniq_blork_the_orc
D:5:      minitemple, gammafunk_temple_overflow_wave,
          makhleb_blood_cavern_becter
D:6:      hangedman_feature_mirror, uniq_eustachio, uniq_grinder
D:7:      serial_shops, shop
D:8:      nicolae_overflow_crystal_walls, enter_bailey_3, basic_altar
D:9:      lemuel_round_altar, david_lair_generic, uniq_maurice
D:10:     kennysheep_steamy
D:11:     serial_shops, kennysheep_mini_moat, uniq_sonja
D:12:     david_orc_5, serial_shops, nicolae_shop_crystal, hangedman_fish_farm,
          tgw_sif
D:13:     uniq_urug, uniq_erolcha
D:14:     david_vaults_1, minivault_25, serial_curves, eino_curves_01,
          eino_curves_02, minmay_radiant
D:15:     grunt_enter_depths_hoard, roderic_serpentine_path
Temple:   nicolae_temple_no_exploring_needed
Lair:1:   grunt_megastairs_4, infiniplex_staircase_pool_2
Lair:2:   grunt_megastairs_2
Lair:3:   uniq_fannar
Lair:4:   guppyfry_snake_entry_island, guppyfry_lair_drakes,
          serial_bayou_shore_b
Lair:5:   uniq_maud
Lair:6:   dpeg_oklob_gauntlet, minmay_shoals_entry_beasts,
          grunt_forest_large_clearings
Lair:7:   slime_altar_1, grunt_forest_small_clearing_treed
Lair:8:   hangedman_lair_in_review, guppyfry_lair_end_dragon
Shoals:1: nicolae_shoals_undead_eyrie
Shoals:2: nicolae_shoals_isolated_beach, uniq_frances
Shoals:3: nicolae_shoals_c_island
Shoals:4: serial_shops, shop, shoals_end_simple, shoals_ilsuiw_alternative,
          uniq_ilsuiw
Snake:1:  st_stairs_7, grunt_ministairs_5
Snake:2:  special_room, serial_bayou_shore_a, grunt_megastairs_5
Snake:4:  snake_pit
Slime:5:  dissolution_awaits, uniq_dissolution
Orc:1:    basic_altar, mines5_lemuel
Orc:2:    serial_shops, nicolae_shop_waterfront, nicolae_orc_lost_temple
Orc:3:    nicolae_orc_pool_cavern, nicolae_orc_rich_vein, uniq_josephine
Orc:4:    st_orc_congregation, serial_shops,
          nicolae_shop_competitors_out_of_business,
          portal_ice_cave_entry_ice_beasts
Elf:1:    minmay_elf_annihilation, uniq_asterion, uniq_donald, uniq_nikola
Elf:2:    serial_shops, shop, door_vault, basic_stair_grate_trap
Elf:3:    elf_hall_gauntlet_narrow, roderic_lattice_octagonal_star, uniq_louise,
          uniq_roxanne
Vaults:1: nicolae_vaults_alarming, vaults_room_corners, v_misc_9,
          nicolae_vaults_windows_and_doors_thing, ontoclasm_vaults_tryst,
          hangedman_vaults_river_flow, v_misc_24, v_misc_8,
          nicolae_vaults_little_squares_1, v_misc_17, v_misc_15,
          vaults_dpeg_cross, nicolae_vaults_mini_display_case
Vaults:2: vaults_dpeg_doors, hangedman_vaults_corner, v_misc_4,
          minmay_crypt_entry_necro_gods
Vaults:3: v_misc_17, v_misc_2, nicolae_vaults_minivaults,
          ontoclasm_vaults_fault, grunt_vaults_twisty, vaults_room_door_ring,
          vaults_dpeg_ring
Vaults:4: hangedman_vaults_hat, nicolae_vaults_border_crossing,
          hangedman_vaults_slice, v_misc_27, v_misc_12,
          nicolae_vaults_circle_grid_b, vaults_room_guarded_vault,
          hangedman_vaults_maws, grunt_vaults_hallway_long,
          nicolae_vaults_rhombus_5, ontoclasm_vaults_ligature,
          ontoclasm_vaults_shuriken, vaults_room_semicircle, serial_shops, shop
Vaults:5: serial_shops, uniq_sojobo
Crypt:1:  nicolae_crypt_twisting_catacombs, grunt_ministairs_15
Crypt:2:  evilmike_ambush
Crypt:3:  church_of_pain_bobbens, nicolae_tomb_entry_rubble_hallway
Depths:1: minmay_misc_feat_four_crosses, hangedman_coc_ice_floe,
          abyss_entry_crystal, hangedman_elemental_death_ray
Depths:2: hangedman_cross_cluster, enter_ziggurat_f, lemuel_statue_altar,
          grunt_hell_horde, pan_entry, abyss_entry_small_statue_room,
          infiniplex_staircase_zigzag_1
Depths:3: minmay_broken_ring, rand_demon_pan_entry_1, hell_entry, serial_glass,
          glass_columns_c, glass_columns_a, glass_columns_b, glass_columns_b,
          glass_columns_b, glass_columns_c, grunt_ministairs_14,
          horrible_house_mu, minmay_staircase_bubble, uniq_jory,
          uniq_saint_roka, uniq_margery
Depths:4: grunt_profane_halls, hell_entry, abyss_entry
Depths:5: grunt_x_marks_the_spot, serial_bayou_pond_b, hell_entry,
          nicolae_twisting_strands, minivault_14, hangedman_decor_slide_cut
Zot:1:    st_stairs_8
Zot:2:    guppyfry_library_mini
Zot:3:    grunt_ministairs_13
IceCv:    ice_cave_statue_garden_02

Action                   |  1- 3 |  4- 6 |  7- 9 | 10-12 | 13-15 | 16-18 | 19-21 | 22-24 | 25-27 || total
-------------------------+-------+-------+-------+-------+-------+-------+-------+-------+-------++-------
Melee: Dagger            |    43 |       |     1 |     2 |       |       |       |       |       ||    46
       Short sword       |    34 |   166 |   421 |   937 |  2762 |  1529 |       |       |       ||  5849
       Quick blade       |       |       |       |    89 |    88 |  1764 |  5551 |   746 |     2 ||  8240
       Rapier            |       |       |       |       |       |  1380 |       |       |       ||  1380
       Long sword        |       |       |       |       |       |       |    11 |       |       ||    11
       Demon blade       |       |       |       |       |       |       |   120 |  2090 |   181 ||  2391
       Double sword      |       |       |       |       |       |       |       |       |  7132 ||  7132
       Knife             |       |       |       |       |       |       |       |       |    13 ||    13
 Fire: Blowgun           |       |       |       |     3 |       |     1 |     6 |     6 |     7 ||    23
Throw: Stone             |     4 |     4 |    23 |       |       |       |       |       |       ||    31
       Tomahawk          |       |       |     1 |    21 |    34 |    26 |   195 |    18 |   323 ||   618
 Cast: Repel Missiles    |       |       |       |       |       |    10 |    25 |    10 |    38 ||    83
       Swiftness         |       |       |       |       |       |     2 |     2 |     1 |     8 ||    13
       Regeneration      |       |       |       |       |       |       |       |       |    30 ||    30
       Blink             |       |       |       |       |       |       |       |       |    15 ||    15
       Phase Shift       |       |       |       |       |       |       |       |       |     2 ||     2
Invok: Heroism           |       |       |       |     2 |     4 |     8 |     2 |     7 |    20 ||    43
 Abil: Evoke Invisibilit |       |       |       |       |    12 |    16 |     2 |       |     3 ||    33
Evoke: Wand              |       |       |     1 |     2 |     1 |     5 |       |       |     8 ||    17
       Rod               |       |       |       |       |       |       |     2 |       |     6 ||     8
       Disc of storms    |       |       |       |       |       |       |       |       |     3 ||     3
  Use: Scroll            |     4 |     8 |    11 |     8 |    10 |     9 |    12 |     4 |    35 ||   101
       Potion            |       |     2 |     1 |       |     2 |     3 |     1 |     2 |     9 ||    20
 Stab: Sleeping          |     5 |     8 |    14 |    38 |    60 |    46 |    14 |    17 |    31 ||   233
       Distracted        |       |     1 |     1 |     5 |     7 |    12 |     8 |     7 |    15 ||    56
       Invisible         |       |       |       |       |    28 |    42 |    11 |       |    10 ||    91
       Paralysed         |       |       |       |       |       |       |       |       |     1 ||     1
  Eat: Chunk             |    10 |     9 |    18 |    26 |    52 |    78 |    74 |    50 |   167 ||   484
       Meat ration       |       |       |       |       |       |       |     1 |       |     4 ||     5
       Beef jerky        |       |       |       |       |       |       |       |       |     2 ||     2
       Royal jelly       |       |       |       |       |       |       |       |       |     1 ||     1
       Pizza             |       |       |       |       |       |       |       |       |     1 ||     1

Table legend:
 A = Turns spent in this place as a percentage of turns spent in the entire game.
 B = Non-inter-level travel turns spent in this place as a percentage of non-inter-level travel turns spent in the entire game.
 C = Inter-level travel turns spent in this place as a percentage of turns spent in this place.
 D = Turns resting spent in this place as a percentage of non-inter-level travel turns spent in this place.
 E = Turns spent auto-exploring this place as a percentage of non-inter-level travel turns spent in this place.
 F = Non-inter-level travel turns spent in this place divided by the number of levels of this place that you've seen.
                   A       B       C       D       E      F
               +-------+-------+-------+-------+-------+----------------------
         Total | 100.0 | 100.0 |   0.5 |   2.0 |   2.1 | 988.1
       Dungeon |  15.1 |  15.1 |   0.6 |   1.6 |   3.6 | 626.3
        Temple |   0.0 |   0.0 |   0.0 |   0.0 |  50.0 |   2.0
          Lair |  11.9 |  11.9 |   1.0 |   1.5 |   2.4 | 922.9
        Shoals |   9.4 |   9.4 |   0.5 |   1.4 |   0.9 | 1458.5
     Snake Pit |   8.2 |   8.2 |   0.2 |   3.7 |   1.8 | 1279.8
    Slime Pits |   4.7 |   4.7 |   0.2 |   1.6 |   0.2 | 488.5
  Orcish Mines |   5.6 |   5.6 |   0.5 |   0.9 |   1.2 | 878.5
   Elven Halls |   5.2 |   5.2 |   0.4 |   2.5 |   2.4 | 1072.7
        Vaults |  12.4 |  12.4 |   0.3 |   2.0 |   1.9 | 1540.8
         Crypt |   6.4 |   6.4 |   0.3 |   3.4 |   2.1 | 1325.7
        Depths |  13.1 |  13.1 |   0.6 |   2.2 |   1.9 | 1628.0
           Zot |   7.7 |   7.7 |   0.3 |   1.4 |   2.4 | 1197.0
      Ice Cave |   0.4 |   0.4 |   0.0 |   4.9 |   0.4 | 245.0
               +-------+-------+-------+-------+-------+----------------------

Vault maps used:
D:1:      tarquinn_simple_flora_water_f
D:2:      old_standard_altar, first_bread, kennysheep_generic_room_6
D:3:      lemuel_round_altar, ecumenical_altar_2
D:4:      vehumet_statue, minmay_temple_entry_glassed_door, uniq_edmund,
          uniq_menkaure, uniq_blork_the_orc
D:5:      minitemple, gammafunk_temple_overflow_wave,
          makhleb_blood_cavern_becter
D:6:      hangedman_feature_mirror, uniq_eustachio, uniq_grinder
D:7:      serial_shops, shop
D:8:      nicolae_overflow_crystal_walls, enter_bailey_3, basic_altar
D:9:      lemuel_round_altar, david_lair_generic, uniq_maurice
D:10:     kennysheep_steamy
D:11:     serial_shops, kennysheep_mini_moat, uniq_sonja
D:12:     david_orc_5, serial_shops, nicolae_shop_crystal, hangedman_fish_farm,
          tgw_sif
D:13:     uniq_urug, uniq_erolcha
D:14:     david_vaults_1, minivault_25, serial_curves, eino_curves_01,
          eino_curves_02, minmay_radiant
D:15:     grunt_enter_depths_hoard, roderic_serpentine_path
Temple:   nicolae_temple_no_exploring_needed
Lair:1:   grunt_megastairs_4, infiniplex_staircase_pool_2
Lair:2:   grunt_megastairs_2
Lair:3:   uniq_fannar
Lair:4:   guppyfry_snake_entry_island, guppyfry_lair_drakes,
          serial_bayou_shore_b
Lair:5:   uniq_maud
Lair:6:   dpeg_oklob_gauntlet, minmay_shoals_entry_beasts,
          grunt_forest_large_clearings
Lair:7:   slime_altar_1, grunt_forest_small_clearing_treed
Lair:8:   hangedman_lair_in_review, guppyfry_lair_end_dragon
Shoals:1: nicolae_shoals_undead_eyrie
Shoals:2: nicolae_shoals_isolated_beach, uniq_frances
Shoals:3: nicolae_shoals_c_island
Shoals:4: serial_shops, shop, shoals_end_simple, shoals_ilsuiw_alternative,
          uniq_ilsuiw
Snake:1:  st_stairs_7, grunt_ministairs_5
Snake:2:  special_room, serial_bayou_shore_a, grunt_megastairs_5
Snake:4:  snake_pit
Slime:5:  dissolution_awaits, uniq_dissolution
Orc:1:    basic_altar, mines5_lemuel
Orc:2:    serial_shops, nicolae_shop_waterfront, nicolae_orc_lost_temple
Orc:3:    nicolae_orc_pool_cavern, nicolae_orc_rich_vein, uniq_josephine
Orc:4:    st_orc_congregation, serial_shops,
          nicolae_shop_competitors_out_of_business,
          portal_ice_cave_entry_ice_beasts
Elf:1:    minmay_elf_annihilation, uniq_asterion, uniq_donald, uniq_nikola
Elf:2:    serial_shops, shop, door_vault, basic_stair_grate_trap
Elf:3:    elf_hall_gauntlet_narrow, roderic_lattice_octagonal_star, uniq_louise,
          uniq_roxanne
Vaults:1: nicolae_vaults_alarming, vaults_room_corners, v_misc_9,
          nicolae_vaults_windows_and_doors_thing, ontoclasm_vaults_tryst,
          hangedman_vaults_river_flow, v_misc_24, v_misc_8,
          nicolae_vaults_little_squares_1, v_misc_17, v_misc_15,
          vaults_dpeg_cross, nicolae_vaults_mini_display_case
Vaults:2: vaults_dpeg_doors, hangedman_vaults_corner, v_misc_4,
          minmay_crypt_entry_necro_gods
Vaults:3: v_misc_17, v_misc_2, nicolae_vaults_minivaults,
          ontoclasm_vaults_fault, grunt_vaults_twisty, vaults_room_door_ring,
          vaults_dpeg_ring
Vaults:4: hangedman_vaults_hat, nicolae_vaults_border_crossing,
          hangedman_vaults_slice, v_misc_27, v_misc_12,
          nicolae_vaults_circle_grid_b, vaults_room_guarded_vault,
          hangedman_vaults_maws, grunt_vaults_hallway_long,
          nicolae_vaults_rhombus_5, ontoclasm_vaults_ligature,
          ontoclasm_vaults_shuriken, vaults_room_semicircle, serial_shops, shop
Vaults:5: serial_shops, uniq_sojobo
Crypt:1:  nicolae_crypt_twisting_catacombs, grunt_ministairs_15
Crypt:2:  evilmike_ambush
Crypt:3:  church_of_pain_bobbens, nicolae_tomb_entry_rubble_hallway
Depths:1: minmay_misc_feat_four_crosses, hangedman_coc_ice_floe,
          abyss_entry_crystal, hangedman_elemental_death_ray
Depths:2: hangedman_cross_cluster, enter_ziggurat_f, lemuel_statue_altar,
          grunt_hell_horde, pan_entry, abyss_entry_small_statue_room,
          infiniplex_staircase_zigzag_1
Depths:3: minmay_broken_ring, rand_demon_pan_entry_1, hell_entry, serial_glass,
          glass_columns_c, glass_columns_a, glass_columns_b, glass_columns_b,
          glass_columns_b, glass_columns_c, grunt_ministairs_14,
          horrible_house_mu, minmay_staircase_bubble, uniq_jory,
          uniq_saint_roka, uniq_margery
Depths:4: grunt_profane_halls, hell_entry, abyss_entry
Depths:5: grunt_x_marks_the_spot, serial_bayou_pond_b, hell_entry,
          nicolae_twisting_strands, minivault_14, hangedman_decor_slide_cut
Zot:1:    st_stairs_8
Zot:2:    guppyfry_library_mini
Zot:3:    grunt_ministairs_13
IceCv:    ice_cave_statue_garden_02
